AoeStats
← KDA HDT

African Clearing

506063877Analyzed
4v4 RM · 21d ago on Sep 12, 2026· 20m 57s· 8 players
Game mode
Random Map
Map size
Large (8 player)
Population
200
Speed
Normal
Resources
Standard
Victory
Conquest
Starting age
Dark Age
Ending age
Imperial Age
RankedLock teamsTeams togetherTeam positionsShared explorationLock speedFull tech treeHidden civsTurbo modeCheats
Victory
Defeat
🇹🇼 Italians · Taiwan
1695
+16
🇹🇼 Hindustanis · Taiwan
1608
+19
🇹🇼 Teutons · Taiwan
1547
+22
🇨🇳 Mongols · China
1534
+22
🇻🇳 Khitans · Vietnam
1786
-25
🇩🇿 Britons · Algeria
1668
-19
🇨🇳 Goths · China
1642
-18
🇺🇸 Wei · United States
1616
-17
KDA HDT
8:42 Loom
11:08 Feudal Age
11:40 Double-Bit Axe
16:04 Scale Mail Armor
16:17 Forging
EagleWarrior420
9:09 Loom
11:32 Feudal Age
12:04 Town Watch
12:50 Fletching
18:27 Padded Archer Armor
23:26 Castle Age
JunkDogJoe
8:21 Loom
13:55 Feudal Age
18:09 Castle Age
16:26 Double-Bit Axe
啦啦啦啦啦啦
3:20 Loom
13:55 Feudal Age
15:04 Double-Bit Axe
18:05 Castle Age
16:30 Horse Collar
19:16 Bow Saw
海的盒子
10:15 Loom
12:01 Feudal Age
15:59 Castle Age
14:03 Double-Bit Axe
14:56 Gold Mining
17:12 Bow Saw
20:41 Horse Collar
我最爛別快攻我
10:28 Loom
11:09 Loom
13:12 Feudal Age
19:58 Castle Age
TW_Kenneth
7:47 Loom
12:50 Feudal Age
13:35 Town Watch
14:18 Double-Bit Axe
16:45 Castle Age
15:46 Fletching
P0rr1dg3
3:18 Loom
11:21 Feudal Age
12:39 Double-Bit Axe
14:37 Bloodlines
15:53 Horse Collar
17:05 Scale Barding Armor
19:00 Forging
23:32 Castle Age
Connection lost

Rejoining the realm…

Still unreachable

The connection could not be restored.

Session expired

The server has moved on; the page needs a fresh start.